 Dungeon Crawl Stone Soup version 0.27-a0-1177-g245c70e1c0 (webtiles) character file.

Game seed: 6506394343565241245

1125 Armakuni the Frost Mage (level 8, -26/52 HPs)
             Began as a Human Ice Elementalist on May 16, 2021.
             Was a Follower of Elyvilon.
             Annihilated by a large slime creature (36 damage)
             ... on level 5 of the Dungeon.
             The game lasted 00:12:32 (5033 turns).

Armakuni the Frost Mage (Human Ice Elementalist)    Turns: 5033, Time: 00:12:32

Health: -26/52     AC:  9    Str:  9 (11) XL:     8   Next: 61%
Magic:  0/15       EV: 12    Int: 14 (16) God:    Elyvilon [*.....]
Gold:   164        SH:  5    Dex: 11 (13) Spells: 10/17 levels left

rFire    + . .     SeeInvis .   a - +2 quarterstaff (vorpal)
rCold    + . .     Faith    .   (shield currently unavailable)
rNeg     + . .     Spirit   .   l - +0 robe
rPois    +         Reflect  +   (no helmet)
rElec    +         Harm     .   (no cloak)
rCorr    +         Rampage  .   (no gloves)
Will     .....                  (no boots)
Stlth    ++........             H - amulet of reflection
HPRegen  0.17/turn              N - ring of positive energy
MPRegen  0.14/turn              P - ring of poison resistance

@: brilliant, ice-armoured, resistant, flying
A: no striking features
a: Renounce Religion, Lesser Healing, Divine Protection


You were on level 5 of the Dungeon.
You worshipped Elyvilon.
Elyvilon was aware of your devotion.
You visited 1 branch of the dungeon, and saw 5 of its levels.

You collected 164 gold pieces.

Inventory:

Hand Weapons
 a - a +2 vorpal quarterstaff (weapon)
Missiles
 h - 29 poisoned darts
Armour
 g - a +0 chain mail of poison resistance
 l - a +0 robe (worn)
Jewellery
 H - an amulet of reflection (around neck)
 N - a ring of positive energy (left hand)
 P - a ring of poison resistance (right hand)
Wands
 k - a wand of digging (4)
Scrolls
 c - a scroll of noise
Potions
 d - 2 potions of attraction
 e - a potion of might
 f - a potion of flight
 i - a potion of resistance
 m - 2 potions of curing


   Skills:
 - Level 2.0 Dodging
 - Level 2.0 Stealth
 - Level 5.0 Spellcasting
 + Level 8.1 Ice Magic
 + Level 4.4 Invocations


You had 10 spell levels left.
You knew the following spells:

 Your Spells              Type           Power      Damage    Failure   Level
o - Ozocubu's Armour      Ice            39%        N/A       1%          3
r - Frozen Ramparts       Ice            78%        1d9       1%          3
z - Freeze                Ice            100%       1d11      1%          1

Your spell library contained the following spells:

 Spells                   Type           Power      Damage    Failure   Level
 Foxfire                  Conj/Fire      20%        2x1d5     17%         1
 Hailstorm                Conj/Ice       22%        3d7       32%         4
 Conjure Flame            Conj/Fire      5%         6-21      45%         3
 Inner Flame              Hex/Fire       5%         N/A       45%         3
 Metabolic Englaciation   Hex/Ice        11%        N/A       67%         5
 Sticky Flame             Conj/Fire      5%         2d3       86%         4
 Fireball                 Conj/Fire      2%         3d4       99%         5


Dungeon Overview and Level Annotations

Branches:
Dungeon (5/15)
 Temple: D:4-7

Altars:
Elyvilon
Kikubaaqudgha
Trog
Uskayaw
Zin


Message History

The large slime creature is heavily wounded.
It was a potion of flight.
You feel very buoyant.
You fly up into the air.
It was a potion of resistance.
You feel protected.
The wall freezes the large slime creature.
The large slime creature closely misses you.
It was a potion of curing.
You feel better.
The wall freezes the large slime creature!
You block the large slime creature's attack.
It was a potion of brilliance.
You feel clever all of a sudden.
The wall freezes the large slime creature!
The large slime creature completely misses you.
Aiming: Freeze (safe; 1% risk of failure)
Press: ? - help, Q - select action, (/) - cycle Shift-Dir - straight line, f/p - large slime creature
Aim: a large slime creature (severely wounded)
You feel a surge of power!
You freeze the large slime creature!
The large slime creature is severely wounded.
The wall freezes the large slime creature.
The large slime creature hits you!!
It was a potion of degeneration.
There was something very wrong with that liquid.
You feel weakened.
You feel dopey.
You feel clumsy.
The wall freezes the large slime creature!
You block the large slime creature's attack.
You hit the large slime creature.
The large slime creature is severely wounded.
The frozen ramparts melt away.
The large slime creature hits you!!
* * * LOW HITPOINT WARNING * * *
The large slime creature closely misses you.
You sock the large slime creature!
The large slime creature is almost dead.
The large slime creature misses you.
You sock the large slime creature!
The large slime creature is almost dead.
The large slime creature hits you!!!
Ouch! That really hurt!
You die...

....####.####.....##
### #.##.
.....†...###.......#
#. #.
.....##...##.......#
...<.###.###.......#
...#.# #.# #[......#
#....# #.# #....####
.....# ###
#....'..## .....#
########)# .>...#
##..J@..## .....#
#'####### .....#
#...÷.J... .....#
#..JJ÷.... ##.###
#...÷JP.P. #.#
#..÷..J÷..
##.########.P.......
.........##J......÷$
##.##[##############


You could see a large slime creature.

Vanquished Creatures
  2 water moccasins
  A necrophage (D:5)
  2 ogres (D:4)
  3 kobold brigands (D:5)
  2 scorpions
  A hound (D:5)
  3 jellies (D:5)
  An iguana (D:4)
  2 orc wizards (D:4)
  A gnoll (D:1)
  6 adders
  A dart slug (D:5)
  16 orcs
  12 ball pythons
  9 endoplasms
  5 giant cockroaches
  4 goblins
  7 hobgoblins
  2 jackals (D:2)
  2 quokkas (D:2)
  2 bats (D:1)
  3 frilled lizards
  10 kobolds
  6 rats
103 creatures vanquished.

Vanquished Creatures (others)
  3 fungi (D:5)
  10 plants (D:3)
  9 toadstools (D:5)
22 creatures vanquished.

Grand Total: 125 creatures vanquished

Notes
Turn   | Place    | Note
-------+----------+-------------------------------------------
     0 | D:1      | Armakuni the Human Ice Elementalist began the quest for the
                  | Orb.
     0 | D:1      | Reached XP level 1. HP: 13/13 MP: 3/3
   265 | D:1      | Reached XP level 2. HP: 8/19 MP: 0/5
   625 | D:1      | Reached XP level 3. HP: 23/24 MP: 3/6
   919 | D:1      | Found a faded altar of an unknown god.
  1378 | D:2      | Learned a level 3 spell: Ozocubu's Armour
  1382 | D:2      | Learned a level 3 spell: Frozen Ramparts
  1776 | D:2      | Reached XP level 4. HP: 30/30 MP: 5/8
  2408 | D:3      | Found a white marble altar of Elyvilon.
  2435 | D:3      | Reached skill level 5 in Ice Magic
  2467 | D:3      | Became a worshipper of Elyvilon the Healer
  2713 | D:3      | Found a bloodstained altar of Trog.
  2937 | D:3      | Reached XP level 5. HP: 27/35 MP: 2/10
  3283 | D:3      | Reached XP level 6. HP: 15/41 MP: 4/11
  3562 | D:4      | Noticed a water moccasin
  3574 | D:4      | Killed a water moccasin
  3577 | D:4      | Reached skill level 6 in Ice Magic
  3826 | D:4      | Noticed an ogre
  3832 | D:4      | Killed an ogre
  3833 | D:4      | Reached XP level 7. HP: 24/46 MP: 3/14
  4031 | D:4      | Reached * piety under Elyvilon
  4101 | D:4      | Reached skill level 5 in Spellcasting
  4375 | D:4      | Found a glowing silver altar of Zin.
  4375 | D:4      | Found an ancient bone altar of Kikubaaqudgha.
  4388 | D:4      | Found a faded altar of an unknown god.
  4390 | D:4      | Found a hide-covered altar of Uskayaw.
  4392 | D:4      | Found a faded altar of an unknown god.
  4442 | D:5      | Entered Level 5 of the Dungeon
  4461 | D:5      | Reached skill level 7 in Ice Magic
  4461 | D:5      | Reached skill level 1 in Invocations
  4631 | D:4      | Reached XP level 8. HP: 52/52 MP: 12/15
  4999 | D:5      | Reached skill level 8 in Ice Magic
  5007 | D:5      | Noticed a slime creature
  5007 | D:5      | Noticed a slime creature
  5033 | D:5      | Annihilated by a large slime creature

Illustrated notes

Levels and vault maps discovered:
D:1:      heliophobic_arrival_henge, layout_basic,
          ebering_ecumenical_altar_hall, st_stairs_8
D:2:      layout_rooms, kennysheep_generic_room_7
D:3:      layout_loops_ring, nicolae_elyvilon_temple_path,
          lightli_temple_of_fire, minmay_shallow_snake_nest
D:4:      layout_rooms, chequers_temple_overflow_minitemple
D:5:      cheibrodos_fertilizer, layout_loops_cross,
          lemuel_coloured_pillars_altar, temple_pool_b

Skill      XL: |  1  2  3  4  5  6  7  8 |
---------------+-------------------------+-----
Spellcasting   | 3 4 5 |  5.0
Ice Magic      | 5 6 7 8 |  8.1
Invocations    | 2 4 |  4.4
Dodging        | |  2.0
Stealth        | |  2.0

Action                   |  1- 3 |  4- 6 |  7- 9 || total
-------------------------+-------+-------+-------++-------
Melee: Dagger            |     4 |    12 |       ||    16
       Quarterstaff      |       |       |    44 ||    44
 Cast: Freeze            |    46 |    69 |    26 ||   141
       Frozen Ramparts   |       |     1 |    11 ||    12
       Ozocubu's Armour  |       |     1 |     7 ||     8
Invok: Lesser Healing    |       |       |     3 ||     3
  Use: Scroll            |       |     7 |       ||     7
       Potion            |       |       |     6 ||     6
 Stab: Sleeping          |     1 |       |       ||     1
Armor: Robe              |     8 |     7 |    14 ||    29
Dodge: Dodged            |    21 |    47 |    40 ||   108
Block: Other             |       |     5 |    17 ||    22
       Reflection        |       |       |     2 ||     2

Table legend: (Time is in decaauts)
 A = Elapsed time spent in this place.
 B = Non-inter-level travel time spent in this place.
 C = Inter-level travel time spent in this place.
 D = Time resting spent in this place.
 E = Time spent auto-exploring this place.
 F = Levels seen in this place.
 G = Mean time per level.
                   A        B        C        D        E       F      G
               +--------+--------+--------+--------+--------+-----+--------+
         Total |   5049 |   4923 |    126 |   1610 |   2384 |   5 | 1009.8 |
       Dungeon |   5049 |   4923 |    126 |   1610 |   2384 |   5 | 1009.8 |
               +--------+--------+--------+--------+--------+-----+--------+

Top non-repeatable levels by time:
     D:3: 1556 daAuts
     D:1: 1267 daAuts
     D:4: 1005 daAuts
     D:2: 679 daAuts
     D:5: 541 daAuts
